 Dungeon Crawl Stone Soup version 0.28-a0-2-g643f2454ad (webtiles) character file.

Game seed: 10004471289009795948

4384 pkoi the Grappler (level 10, -3/141 HPs)
             Began as a Troll Monk on July 22, 2021.
             Was a Priest of Ru.
             Slain by a flying skull (9 damage)
             ... on level 2 of the Abyss.
             The game lasted 00:15:18 (7442 turns).

pkoi the Grappler (Troll Monk)                      Turns: 7442, Time: 00:15:18

Health: -3/141     AC: 25    Str: 24    XL:     10   Next: 13%
Magic:  9/9        EV:  1    Int:  6    God:    Ru [***...]
Gold:   266        SH:  0    Dex: 12    Spells: 9/9 levels left

rFire   + . .      SeeInvis .     - Unarmed
rCold   . . .      Faith    .   (shield unavailable)
rNeg    + + +      Spirit   .   (armour currently unavailable)
rPois   +          Reflect  .   (helmet currently unavailable)
rElec   .          Harm     .   (cloak currently unavailable)
rCorr   .          Rampage  .   (gloves unavailable)
Will    .....      NoTele   +   (boots unavailable)
Stlth   ++........              (no amulet)
HPRegen 1.33/turn               (ring unavailable)
MPRegen 0.11/turn               p - ring of protection from fire

@: lethally poisoned (-3 -> -3), tree-form, wreathed by umbra
A: stationary, stasis, torment immunity, boosted hp, large, unfitting armour,
(claws 3), regeneration 1, (shaggy fur 1), (tough skin 1), missing a hand
a: Renounce Religion, Draw Out Power


You were on level 2 of the Abyss.
You worshipped Ru.
Ru was most pleased with you.
You were a tree.
You visited 2 branches of the dungeon, and saw 10 of its levels.
You visited the Abyss 1 time.
You also visited: Sewer and Ossuary.

You collected 376 gold pieces.
You spent 110 gold pieces at shops.

Inventory:

Missiles
 c - 3 large rocks (quivered)
 l - 23 poisoned darts
 B - 2 curare-tipped darts
Armour
 a - a +0 robe
 r - a +1 cloak of preservation (melded)
 t - a +2 robe of willpower
 w - +0 steam dragon scales (melded)
Jewellery
 h - a ring of ice
 j - a ring of magical power
 p - a ring of protection from fire (right branch)
Wands
 g - a wand of flame (13)
 i - a wand of iceblast (12)
 o - a wand of polymorph (15)
 s - a wand of mindburst (15)
Scrolls
 k - 4 scrolls of identify
 m - 3 scrolls of teleportation
 q - a scroll of summoning
 x - a scroll of silence
 y - 2 scrolls of magic mapping {unknown}
 z - a scroll of fog
 A - a scroll of blinking
Potions
 b - a potion of resistance
 d - a potion of might
 e - 4 potions of curing
 f - 3 potions of flight
 n - 6 potions of haste
 v - a potion of lignification
Miscellaneous
 C - a piece from Xom's chessboard (15/15)


   Skills:
 + Level 4.5 Fighting
 - Level 4.0 Throwing
 + Level 4.5 Dodging
 - Level 2.8 Stealth
 * Level 11.8 Unarmed Combat


You had 9 spell levels left.
You didn't know any spells.
Your spell library contained the following spells:

 Spells                   Type           Power      Damage    Failure   Level
 Magic Dart               Conj           0%         1d3       45%         1
 Call Imp                 Summ           0%         N/A       58%         2
 Sublimation of Blood     Necr           0%         N/A       58%         2
 Wereblood                Tmut           0%         N/A       58%         2
 Dazzling Flash           Conj/Hex       0%         N/A       83%         3
 Gell's Gravitas          Tloc           0%         N/A       83%         3
 Mephitic Cloud           Conj/Pois/Air  0%         N/A       83%         3
 Teleport Other           Tloc           0%         N/A       83%         3
 Iskenderun's Mystic Bla  Conj/Tloc      0%         2d3       99%         4
 Dispersal                Tloc           0%         N/A       100%        6
 Starburst                Conj/Fire      0%         8x6d3     100%        6
 Summon Hydra             Summ           0%         N/A       100%        7


Dungeon Overview and Level Annotations

Branches:
Dungeon (9/15)             Temple (1/1) D:5           Sewer (visited)
Ossuary (visited)
   Lair: D:8-11         Orc: D:9-12

Altars:
Ashenzari
Cheibriados
Elyvilon
Fedhas
Gozag
Hepliaklqana
Kikubaaqudgha
Makhleb
Nemelex Xobeh
Okawaru
Qazlal
Ru
Sif Muna
Trog
Uskayaw
Vehumet
Wu Jian
Xom
Yredelemnul
Zin
The Shining One

Shops:
D:4 *:=   D:6 [   D:7 *

Annotations:
D:9 Psyche


Innate Abilities, Weirdness & Mutations

You are a tree.
Your roots penetrate the ground, keeping you stationary.
You cannot be teleported.
You are immune to unholy pain and torment.
Your maximum health is greatly increased.
Your equipment is partially melded.
You are too large for most types of armour.
((You have claws for hands.))
Your natural rate of healing is unusually fast.
((You are covered in fur. (AC +1)))
((You have tough skin. (AC +1)))
You are missing a hand.


Message History

You are more poisoned.
The profane servitor hits you but does no damage.
The flying skull hits you but does no damage.
The profane servitor hits you with a +1 demon whip of venom.
* * * LOW HITPOINT WARNING * * *
The profane servitor hits you with a +1 demon whip of venom.
* * * LOW HITPOINT WARNING * * *
Unknown command.
You feel better.
The flying skull hits you but does no damage.
The profane servitor hits you but does no damage. x2
You closely miss the profane servitor.
The profane servitor is lightly damaged.
The flying skull hits you.
The profane servitor hits you with a +1 demon whip of venom.
The profane servitor hits you with a +1 demon whip of venom!
* * * LOW HITPOINT WARNING * * *
You closely miss the profane servitor.
The profane servitor is lightly damaged.
The flying skull hits you but does no damage.
The profane servitor hits you but does no damage.
You are poisoned.
The profane servitor hits you with a +1 demon whip of venom.
* * * LOW HITPOINT WARNING * * *
You redirect the flying skull's attack!
The flying skull hits itself but does no damage.
You completely miss the profane servitor.
The profane servitor is lightly damaged.
You feel sick.
The profane servitor hits you with a +1 demon whip of venom!
* * * LOW HITPOINT WARNING * * *
The profane servitor hits you but does no damage.
The flying skull hits you but does no damage.
The profane servitor hits you with a +1 demon whip of venom!
* * * LOW HITPOINT WARNING * * *
The profane servitor hits you but does no damage.
You closely miss the profane servitor.
The profane servitor is lightly damaged.
You feel sick. The flying skull hits you!
You die...

#.#.. #. ...# ..#
h .#.# ..# .
.###### ###. #h
### ..... .. #.
#.###.#.#
#####.#.#.#.h#.#
. .. . #
...#.xA### .
..### #x .###♣.#
#. .##.#..
#..z.....# .
.....##..#.#.##.#
.#. ...#.. #.# ..
.# ....... # ..
## ... # .
...###...# .###
.#..#.. #.. ## .
....##.. . .## .
.


You could see a profane servitor, a raiju, a small abomination and a flying
skull.

Vanquished Creatures
  Maurice (D:8)
  A troll (D:7)
  A wyvern (D:5)
  2 steam dragons
  3 orc warriors (D:8)
  2 sky beasts
  A necrophage (D:5)
  A black bear (D:5)
  2 ice beasts (D:7)
  4 ogres
  4 centaurs
  5 kobold brigands
  Blork the orc (D:5)
  A bullfrog (D:7)
  3 scorpions
  A wyvern skeleton (D:7)
  5 killer bees (D:9)
  A howler monkey (D:8)
  2 bullfrog zombies
  5 orc priests
  3 hounds
  2 jellies
  An iguana (D:7)
  A centaur skeleton (D:6)
  7 orc wizards
  A hound skeleton (D:5)
  A mummy (Ossuary)
  A howler monkey zombie (D:8)
  4 gnolls (D:6)
  12 adders
  A river rat (Sewer)
  A shadow imp (D:5)
  2 ufetubi
  4 worms
  2 dart slugs
  18 orcs
  3 spectral bats (Ossuary)
  13 endoplasms
  4 giant cockroaches
  3 hobgoblins
  6 jackals (D:1)
  25 kobolds
  A quokka (D:1)
  10 ball pythons
  4 bats
  3 bat simulacra (Ossuary)
  5 frilled lizards
  12 gnoll zombies (Ossuary)
  6 goblins
  3 goblin simulacra (Ossuary)
  6 goblin zombies (Ossuary)
  5 hobgoblin zombies (Ossuary)
  2 kobold simulacra (Ossuary)
  2 kobold zombies (Ossuary)
  5 orc zombies (Ossuary)
  11 rats
  6 rat simulacra (Ossuary)
  2 spectral goblins (Ossuary)
  3 spectral kobolds (Ossuary)
  3 spectral rats (Ossuary)
250 creatures vanquished.

Vanquished Creatures (collateral kills)
  A shadow imp (D:3)
  An orc (D:3)
2 creatures vanquished.

Vanquished Creatures (others)
  An orc (D:9)
1 creature vanquished.

Grand Total: 253 creatures vanquished

Notes
Turn   | Place    | Note
-------+----------+-------------------------------------------
     0 | D:1      | pkoi the Troll Monk began the quest for the Orb.
     0 | D:1      | Reached XP level 1. HP: 22/22 MP: 0/0
   133 | D:1      | Reached XP level 2. HP: 29/29 MP: 1/1
   168 | D:1      | Reached skill level 1 in Throwing
   221 | D:1      | Reached XP level 3. HP: 32/36 MP: 2/2
   296 | D:1      | Reached skill level 4 in Unarmed Combat
   349 | D:1      | Found a faded altar of an unknown god.
  1416 | D:3      | Reached XP level 4. HP: 44/44 MP: 3/3
  1517 | D:3      | You fall into a shaft and drop 1 floor!
  1518 | D:4      | Noticed an ogre
  1526 | D:4      | Killed an ogre
  1527 | D:4      | Reached skill level 5 in Unarmed Combat
  1527 | D:4      | Reached XP level 5. HP: 49/50 MP: 4/4
  1580 | D:4      | Found a glowing drain.
  1597 | Sewer    | Entered a sewer
  1634 | Sewer    | Reached XP level 6. HP: 35/59 MP: 5/5
  1794 | Sewer    | Reached skill level 6 in Unarmed Combat
  2189 | D:3      | Found an ornate altar of the Wu Jian Council.
  2576 | D:4      | Found Uhehewni's Jewellery Boutique.
  2701 | D:4      | Found Sefol's General Store.
  2704 | D:4      | Bought a potion of haste for 110 gold pieces
  2895 | D:4      | Found Ubuaffaq's Book Shop.
  3043 | D:4      | You fall into a shaft and drop 3 floors!
  3069 | D:7      | Noticed an ice beast
  3073 | D:7      | Killed an ice beast
  3074 | D:7      | Reached skill level 7 in Unarmed Combat
  3074 | D:7      | Reached XP level 7. HP: 66/66 MP: 6/6
  3164 | D:7      | Noticed a troll
  3175 | D:7      | HP: 3/66 [troll (6)]
  3176 | D:7      | Killed a troll
  3351 | D:7      | Reached skill level 8 in Unarmed Combat
  3419 | D:7      | Reached XP level 8. HP: 74/74 MP: 7/7
  3484 | D:7      | Found Yjopaite's Assorted Antiques.
  4010 | D:6      | Found an ancient bone altar of Kikubaaqudgha.
  4018 | D:5      | Entered Level 5 of the Dungeon
  4025 | D:5      | Reached skill level 9 in Unarmed Combat
  4050 | D:5      | Noticed Blork the orc
  4069 | D:5      | Killed Blork the orc
  4191 | D:5      | Reached skill level 10 in Unarmed Combat
  4272 | D:5      | Found a staircase to the Ecumenical Temple.
  4410 | Temple   | Entered the Ecumenical Temple
  4810 | D:5      | Found a glowing silver altar of Zin.
  4810 | D:5      | Noticed an angel
  4912 | D:6      | Reached XP level 9. HP: 80/80 MP: 8/8
  5300 | D:6      | Found Tochuqor's Antique Armour Shoppe.
  5468 | D:6      | Found a glowing golden altar of the Shining One.
  5501 | D:6      | Found a snail-covered altar of Cheibriados.
  5882 | Temple   | Became a worshipper of Ru the Awakened
  5901 | Temple   | Gained mutation: You are missing a hand. [Ru sacrifice]
  5901 | Temple   | Reached * piety under Ru
  5901 | Temple   | Reached ** piety under Ru
  5901 | Temple   | Reached *** piety under Ru
  6069 | D:8      | Noticed Maurice
  6098 | D:8      | Killed Maurice
  6099 | D:8      | Reached skill level 11 in Unarmed Combat
  6265 | D:8      | Found a shimmering blue altar of Sif Muna.
  6265 | D:8      | Found a white marble altar of Elyvilon.
  6319 | D:8      | Found a sand-covered staircase.
  6324 | Ossuary  | Entered an ossuary
  6986 | D:8      | Found a hide-covered altar of Uskayaw.
  6992 | D:8      | Reached XP level 10. HP: 94/94 MP: 9/9
  7148 | D:9      | Identified the +4 mace of the Vestibule of Hell {flame,
                  | +Blink rC+}
  7363 | D:9      | Noticed Psyche
  7370 | D:9      | Cast into level 2 of the Abyss (Psyche)
  7414 | Abyss:2  | Noticed a profane servitor
  7441 | Abyss:2  | HP: 7/141 [profane servitor (11)]
  7442 | Abyss:2  | Slain by a flying skull

Illustrated notes

Levels and vault maps discovered:
D:1:      dpeg_arrival_three_bigger_balls, layout_rooms,
          hellmonk_ecumenical_altar_leap_of_faith
D:2:      layout_loops_corners
D:3:      layout_basic, pdpol_wu_jian_five_deadly_venoms
D:4:      layout_basic, serial_shops, nicolae_shop_behind_doors,
          kennysheep_little_box, shop, cheibrodos_sewer_entry_drain
D:5:      cheibrodos_helix_gallery, layout_cave_pools, zin_angel,
          temple_fountains, uniq_blork_the_orc
D:6:      layout_basic, mainiacjoe_overflow_six_doors_small,
          mainiacjoe_overflow_two_lobes, serial_shops, shop
D:7:      layout_gridville, serial_shops, shop
D:8:      layout_rooms, chequers_temple_overflow_statue_of_worship,
          nicolae_uskayaw_dance_studio, enter_ossuary_2,
          chequers_serial_rivers_small_a, uniq_maurice
D:9:      layout_loops_ring, minmay_holes, minivault_22,
          nicolae_shop_firing_range, uniq_psyche
Temple:   nicolae_temple_figure_eight
Abyss:2:  base: D:2, hangedman_abyss_mock_shop, hangedman_abyss_monster_moat

Skill      XL: |  1  2  3  4  5  6  7  8  9 |
---------------+----------------------------+-----
Throwing       | 1 2 3 4 |  4.0
Unarmed Combat | 4 5 7 8 10 11 | 11.8
Stealth        | 2 |  2.8
Fighting       | 4 |  4.5
Dodging        | 4 |  4.5

Action                   |  1- 3 |  4- 6 |  7- 9 | 10-12 || total
-------------------------+-------+-------+-------+-------++-------
Melee: Unarmed           |   103 |   129 |   324 |    85 ||   641
       Punch             |     1 |     2 |     1 |       ||     4
Throw: Large rock        |       |     6 |     8 |       ||    14
       Dart              |       |       |     8 |       ||     8
Invok: Sacrifice a Hand  |       |       |     1 |       ||     1
  Use: Scroll            |     1 |     8 |     4 |       ||    13
       Potion            |       |       |     3 |     3 ||     6
 Stab: Sleeping          |     5 |     3 |    10 |     2 ||    20
       Distracted        |       |       |       |     1 ||     1
Armor: Robe              |    43 |    41 |    58 |       ||   142
       Steam dragon scal |       |       |    36 |    29 ||    65
       Skin              |       |       |     2 |    19 ||    21
Dodge: Dodged            |    51 |    73 |   147 |    29 ||   300

Table legend: (Time is in decaauts)
 A = Elapsed time spent in this place.
 B = Non-inter-level travel time spent in this place.
 C = Inter-level travel time spent in this place.
 D = Time resting spent in this place.
 E = Time spent auto-exploring this place.
 F = Levels seen in this place.
 G = Mean time per level.
                   A        B        C        D        E       F      G
               +--------+--------+--------+--------+--------+-----+--------+
         Total |   7424 |   6987 |    437 |    220 |   5024 |  13 |  571.1 |
       Dungeon |   6178 |   5811 |    367 |    204 |   4348 |   9 |  686.4 |
        Temple |    305 |    235 |     70 |      0 |    198 |   1 |  305.0 |
         Abyss |     49 |     49 |      0 |      0 |      0 |   1 |   49.0 |
         Sewer |    492 |    492 |      0 |     16 |    266 |   1 |  492.0 |
       Ossuary |    398 |    398 |      0 |      0 |    212 |   1 |  398.0 |
               +--------+--------+--------+--------+--------+-----+--------+

Top non-repeatable levels by time:
     D:6: 1033 daAuts
     D:2: 907 daAuts
     D:7: 904 daAuts
     D:4: 801 daAuts
     D:8: 740 daAuts
     D:5: 647 daAuts
     D:3: 507 daAuts
   Sewer: 492 daAuts
     D:1: 432 daAuts
 Ossuary: 398 daAuts
  Temple: 305 daAuts
     D:9: 203 daAuts
 Abyss:2: 49 daAuts
